 Dungeon Crawl Stone Soup version 0.18.1-48-g4cf74bf (webtiles) character file.

7 Joat the Grasshopper (level 1, 0/10 HPs)
             Began as a Spriggan Warper on July 27, 2016.
             Engulfed by a cloud of flame (10 damage)
             ... on level 1 of the Dungeon.
             The game lasted 00:04:02 (433 turns).

Joat the Grasshopper (Spriggan Warper)               Turns: 433, Time: 00:04:02

Health: 0/10       AC:  2    Str:  7    XL:     1   Next: 83%
Magic:  4/5        EV: 18    Int: 14    God:
Gold:   11         SH:  0    Dex: 15    Spells: 1 memorised, 4 levels left

rFire  . . .     SeeInvis +     a - +0 short sword
rCold  . . .     Gourm    .     b - +0 robe
rNeg   . . .     Faith    .     (shield restricted)
rPois  .         Spirit   .     (helmet restricted)
rElec  .         Dismiss  .     (no cloak)
rCorr  .         Reflect  .     (gloves unavailable)
SustAt .         Harm     .     (boots unavailable)
MR     .....                    (no amulet)
Stlth  ++........               (no ring)
                                (no ring)

@: very quick, not resistant to hostile enchantments, unstealthy
A: unfitting armour, see invisible, herbivore 3, speed 3, slow metabolism 2
a: no special abilities


You were on level 1 of the Dungeon.
You were not hungry.

You visited 1 branch of the dungeon, and saw 2 of its levels.

You collected 11 gold pieces.

Inventory:

Hand Weapons
 a - a +0 short sword (weapon)
Missiles
 e - 5 tomahawks of dispersal (quivered)
Armour
 b - a +0 robe (worn)
Scrolls
 d - 4 scrolls of blinking
 g - 2 scrolls of identify {unknown}
 i - a scroll of remove curse {unknown}
Potions
 h - a potion of heal wounds {unknown}
Books
 c - a book of Spatial Translocations

   Spells                             Type                      Level
   a - Apportation                    Translocation                1
   b - Blink                          Translocation                2
   c - Shroud of Golubria             Charms/Translocation         2
   d - Portal Projectile              Translocation                3
   e - Teleport Other                 Translocation                3
   f - Passage of Golubria            Translocation                4
Comestibles
 f - 2 bread rations


   Skills:
 - Level 1.5 Fighting
 - Level 2.1 Short Blades
 - Level 1.0 Throwing
 - Level 3.5 Dodging
 + Level 2.5 Stealth
 - Level 2.6 Spellcasting
 - Level 4.4 Translocations


You had 4 spell levels left.
You knew the following spells:

 Your Spells              Type           Power        Failure   Level  Hunger
a - Apportation           Tloc           ##........   3%          1    #......


Dungeon Overview and Level Annotations

Branches:
Dungeon (2/15)

Altars:


Innate Abilities, Weirdness & Mutations

You are tiny and cannot use many weapons and most armour.
You have supernaturally acute eyesight.
You are a herbivore.
You cover ground extremely quickly.
You need consume almost no food.


Message History

Press: ? - help, Dir - move target cursor Apport: a scroll labeled ERHUYH ACEM Yoink!
You pull the item towards yourself.
Sorry, you're not good enough to have a special ability.
Casting: Apportation
Confirm with . or Enter, or press ? or * to list all spells.
Aiming: Apportation
Press: ? - help, Dir - move target cursor Apport: 2 puce potions Yoink!
You pull the items towards yourself.
Really walk into a travel-excluded area?
Uppercase [Y]es or [N]o only, please.
Really walk into a travel-excluded area?
i - a scroll labeled ERHUYH ACEM Really walk into a travel-excluded area?
Really walk into that cloud of flame?
Okay, then.
You are engulfed in roaring flames.
Ouch! That really hurt!
You die...

# #.####
#....# §#
#.# §§# ..
#.#####...#
#.
#..§§§...?.
#.
#..@§§.(...
#.
#..§§§.$$..
#.
#.#####...#
######.###.#
§§#
.....>.....#
§#
####.#>####
##...# ####


There were no monsters in sight!

Vanquished Creatures
  A giant gecko (D:2)
  A giant cockroach (D:2)
  A goblin (D:1)
  A bat (D:2)
  2 giant newts
6 creatures vanquished.

Vanquished Creatures (others)
  A bat (D:1)
1 creature vanquished.

Grand Total: 7 creatures vanquished

Notes
Turn   | Place    | Note
--------------------------------------------------------------
     0 | D:1      | Joat the Spriggan Warper began the quest for the Orb.
     0 | D:1      | Reached XP level 1. HP: 10/10 MP: 5/5
    53 | D:1      | Reached skill level 1 in Stealth
   129 | D:1      | You fall through a shaft!
   433 | D:1      | Engulfed by a cloud of flame

Skill      XL: |  1 |
---------------+----+-----
Stealth        | 2 |  2.5
Fighting       | |  1.5
Short Blades   | |  2.1
Throwing       | |  1.0
Dodging        | |  3.5
Spellcasting   | |  2.6
Translocations | |  4.4

Action                   || total
-------------------------++-------
Melee: Short sword       ||    19
 Cast: Apportation       ||     2
 Stab: Sleeping          ||     1
Armor: Robe              ||     1
Dodge: Dodged            ||    11
